Cogmind - Beta 13 @@@ ROGUE MODE // 2024.04.05 @ 12:52:11 Player: JackZewap Result: Self-destructed Performance ------------- Evolutions (1) 500 Regions Visited (2) 400 Robots Destroyed (21) 105 Value Destroyed (455) 455 Prototype IDs (0) 0 Alien Tech Used (0) 0 Bonus (0) 0 TOTAL SCORE: 1460 Bonus ------- None Cogmind --------- Core Integrity 391/400 Matter 300/300 Energy 100/100 System Corruption 0% Temperature Cool (0) Movement Hovering (120) Ox1 Location -9/Materials Parts ------- > --- POWER (1) -------- (None) > --- PROPULSION (2) --- Hover Unit > --- UTILITY (4) ------ Heat Sink Visual Processing Unit Tractor Beam > --- WEAPON (2) ------- Beam Cannon Light Cannon > --- INVENTORY (5) ---- High-capacity Matter Pod (99) Recalibrator Light Assault Rifle Mining Laser Peak State ------------ > --- POWER ------------ Ion Engine > --- PROPULSION ------- Wheel Wheel > --- UTILITY ---------- Visual Processing Unit Improved Terrain Scanner > --- WEAPON ----------- Assault Rifle Light Assault Rifle > --- INVENTORY -------- Small Storage Unit Small Matter Pod Mining Laser [Rating: 10] Favorites ----------- Power Ion Engine Engine Ion Engine Propulsion Hover Unit Leg Aluminum Leg Wheel Wheel Hover Unit Hover Unit Utility Visual Processing Unit Device Sensor Array Storage Small Storage Unit Processor Visual Processing Unit Weapon Light Assault Rifle Energy Cannon Beam Cannon Ballistic Gun Light Assault Rifle Ballistic Cannon Light Cannon Build | -11 -10 -9 ------- Run | Yrd Mat Mat Slots Evolved 2 | . . 2 Power . | . . . Propulsion . | . . . Utility 2 | . . 2 Weapon . | . . . Parts Attached 25 | 9 14 2 Power 3 | 1 2 . Engine 3 | 1 2 . Core . | . . . Reactor . | . . . Propulsion 8 | 4 4 . Treads . | . . . Leg 2 | . 2 . Wheel 4 | 4 . . Hover 2 | . 2 . Flight . | . . . Utility 7 | 2 3 2 Device 4 | 1 2 1 Storage 2 | 1 . 1 Processor 1 | . 1 . Hackware . | . . . Protection . | . . . Artifact . | . . . Weapon 7 | 2 5 . Energy Gun . | . . . Energy Cannon 1 | . 1 . Ballistic Gun 5 | 2 3 . Ballistic Cannon 1 | . 1 . Launcher . | . . . Special Weapon . | . . . Impact Weapon . | . . . Slashing Weapon . | . . . Piercing Weapon . | . . . Special Melee Weapon . | . . . Unidentified Prototypes . | . . . Parts Lost 5 | . 5 . Power 2 | . 2 . Propulsion 2 | . 2 . Utility 1 | . 1 . Weapon . | . . . Highest Loss Streak 2 | . 2 . To Critical Strikes . | . . . Average Slot Usage (%) 90 | . 92 66 Engine 9 | . 10 . Leg 5 | . 5 . Wheel 4 | . 4 . Hover 15 | . 16 11 Device 12 | . 11 22 Storage 1 | . 1 . Processor 12 | . 12 11 Energy Cannon 7 | . 7 11 Ballistic Gun 12 | . 13 . Ballistic Cannon 6 | . 6 11 Naked Turns . | . . . Heaviest Build 14 | 12 14 8 Greatest Support 32 | 32 20 6 Greatest Overweight (x) 2 | 2 1 1 Average Overweight (x) . | . . 1 Largest Inventory Capacity 8 | 8 8 5 Average Capacity 5 | 7 5 5 Most Carried 5 | 2 5 4 Average Carried 4 | . 4 3 Final Capacity 8 | 8 5 5 Final Carried 5 | . 5 4 Class Distribution -------------------- 63% | Mutant 36% | Scavenger-Mutant Dominant Class ---------------- Mutant | -10/Materials Mutant | -9/Materials Resources | -11 -10 -9 ----------- Run | Yrd Mat Mat Matter Collected 998 | 245 753 . Remotely . | . . . Salvage Created 747 | 39 708 . Parts 45 | 9 36 . Haulers Intercepted 2 | . 2 . Recyclers Shooed 2 | . 2 . Parts Field Recycled . | . . . Retrieved Matter . | . . . Parts Self-Destructed . | . . . Prevented . | . . . Kills | -11 -10 -9 ------- Run | Yrd Mat Mat Combat Hostiles Destroyed 13 | . 13 . Guns 9 | . 9 . Cannons 4 | . 4 . Classes Destroyed 6 | 1 5 . Tunneler 2 | 2 . . Hauler 2 | . 2 . Recycler 1 | . 1 . Watcher 3 | . 3 . Swarmer 3 | . 3 . Grunt 10 | . 10 . Best Kill Streak 4 | 2 4 . Combat Bots Only 3 | . 3 . Max Kills in Single Turn 1 | 1 1 . Gunslinging . | . . . Exploded . | . . . Melee . | . . . Uniques/NPCs Destroyed . | . . . Combat | -11 -10 -9 -------- Run | Yrd Mat Mat Hostile Shots Fired 119 | . 116 3 Missed 26 | . 26 . Damage Taken 906 | . 884 22 Core 212 | . 203 9 Absorbed by Shields . | . . . Core Remaining (%) 59 | 100 18 . Volleys Fired 65 | 6 59 . Largest 2 | 2 2 . Hottest 95 | 40 95 . Shots Fired 131 | 12 119 . Gun 98 | 12 86 . Cannon 33 | . 33 . Launcher . | . . . Special . | . . . Kinetic 114 | 12 102 . Thermal 17 | . 17 . Explosive . | . . . Electromagnetic . | . . . Robot Hit Streak 9 | 3 9 . Robot Miss Streak 3 | 2 3 . Penetration Max . | . . . Secondary Targets 4 | . 4 . Max Gunslinging Chain 1 | . 1 . Shots Hit Robots 80 | 7 73 . Core Hits 31 | 2 29 . Critical Kills . | . . . Critical Parts Destroyed . | . . . Critical Strikes 1 | . 1 . Blast 1 | . 1 . Melee Attacks . | . . . Impact . | . . . Slashing . | . . . Piercing . | . . . Sneak Attacks . | . . . Combat Hostiles . | . . . Follow-up Attacks . | . . . Damage Inflicted 1162 | 98 1064 . Guns 747 | 98 649 . Cannons 415 | . 415 . Explosions . | . . . Melee . | . . . Ramming . | . . . Kinetic 924 | 98 826 . Thermal 238 | . 238 . Explosive . | . . . Electromagnetic . | . . . Impact . | . . . Slashing . | . . . Piercing . | . . . Highest Corruption 1 | . 1 . Average Corruption 1 | . 1 . Corruption Purged . | . . . Corruption Blocked . | . . . Effects 9 | . 9 . Message Errors 1 | . 1 . Matter Fused 1 | . 1 . Energy Discharges 3 | . 3 . Data Loss (minor) 1 | . 1 . Data Loss (major) 1 | . 1 . Misfires 1 | . 1 . Alerts 1 | . 1 . Overload Shots . | . . . Overflow Damage 6 | . 6 . Projectiles 6 | . 6 . Explosions . | . . . Melee . | . . . Knockbacks 4 | . 4 . Impact . | . . . Kinetic 3 | . 3 . Secondary 1 | . 1 . Self-Inflicted Damage . | . . . Shots . | . . . Rammed . | . . . Targets Rammed . | . . . Kicked . | . . . Crushed . | . . . Highest Temperature 441 | . 441 . Average Temperature 140 | . 140 . Received Heat Transfer 321 | . 321 . Effects 2 | . 2 . Matter Decay 1 | . 1 . Short Circuit 1 | . 1 . Siege Activations . | . . . Robots Corrupted . | . . . Combat Hostiles . | . . . Parts Fried . | . . . Impact Corruptions . | . . . Robots Melted . | . . . Combat Hostiles . | . . . Parts Melted . | . . . Heat Transferred 481 | . 481 . Parts Sabotaged . | . . . Parts Stolen . | . . . Parts Stripped . | . . . Power Chain Reactions . | . . . Alert | -11 -10 -9 ------- Run | Yrd Mat Mat Peak Influence 291 | 10 291 27 Initial 27 | . 6 27 Average 109 | 2 127 27 Maximum Alert Level 1 | . 1 . Low Security (%) 86 | 100 84 100 Level 1 13 | . 15 . Level 2 . | . . . Level 3 . | . . . Level 4 . | . . . Level 5 . | . . . High Security . | . . . Max Security . | . . . Squads Dispatched 3 | . 3 . Investigation 2 | . 2 . Extermination . | . . . Reinforcement 1 | . 1 . Assault . | . . . Garrison . | . . . Intercept . | . . . Searches Triggered . | . . . Construction Impeded . | . . . Haulers Reinforced . | . . . Active Scanning Responses . | . . . Cargo Convoy Interrupts . | . . . Stealth | -11 -10 -9 --------- Run | Yrd Mat Mat Distress Signals 1 | . 1 . Communications Jammed . | . . . Distress Signals . | . . . Times Spotted 27 | . 24 3 Peak Tracking Total 6 | . 6 3 Tactical Retreats . | . . . Traps | -11 -10 -9 ------- Run | Yrd Mat Mat Traps Triggered 1 | . 1 . Indirectly . | . . . Trap Hack Attempts . | . . . Triggered . | . . . Disarmed . | . . . Reprogrammed 6 | . 6 . Reused . | . . . Traps Extracted . | . . . Installed . | . . . Triggered . | . . . Machines | -11 -10 -9 ---------- Run | Yrd Mat Mat Machines Disabled . | . . . Max in Single Turn . | . . . Machines Repaired . | . . . Machines Dismantled . | . . . Machines Sabotaged . | . . . Overloaded Fab Kills . | . . . Hacking | -11 -10 -9 --------- Run | Yrd Mat Mat Machines Accessed 10 | . 10 . Terminals 7 | . 7 . Fabricators . | . . . Repair Stations 1 | . 1 . Recycling Units 2 | . 2 . Scanalyzers . | . . . Garrison Access . | . . . Total Hacks 31 | . 31 . Successful 14 | . 14 . Failed 17 | . 17 . Catastrophic 4 | . 4 . Database Lockouts . | . . . Manual 11 | . 11 . Terminals 25 | . 25 . Fabricators . | . . . Repair Stations 2 | . 2 . Recycling Units 4 | . 4 . Scanalyzers . | . . . Garrison Access . | . . . Terminal Hacks 9 | . 9 . Robot Analysis 3 | . 3 . Branch Access Points 1 | . 1 . Terminal Index 1 | . 1 . Alert Level 1 | . 1 . Locate Traps 1 | . 1 . Reprogram Traps 1 | . 1 . Transport Status 1 | . 1 . Fabricator Hacks . | . . . Repair Station Hacks 1 | . 1 . Scan Component 1 | . 1 . Recycling Unit Hacks 3 | . 3 . Report Inventory 2 | . 2 . Retrieve Matter 1 | . 1 . Scanalyzer . | . . . Garrison Access Hacks . | . . . Unauthorized Hacks 1 | . 1 . Terminals 1 | . 1 . Assimilate 1 | . 1 . Fabricators . | . . . Repair Stations . | . . . Recycling Units . | . . . Scanalyzers . | . . . Garrison Access . | . . . Data Cores Recovered . | . . . Used . | . . . Hacking Detections 10 | . 10 . Full Trace Events 6 | . 6 . Feedback Events . | . . . Feedback Blocked . | . . . Robot Schematics Acquired . | . . . Robots Built . | . . . Authchips . | . . . Time . | . . . Total Robot Build Rating . | . . . Part Schematics Acquired . | . . . Parts Built . | . . . Authchips . | . . . Time . | . . . Total Part Build Rating . | . . . Parts Repaired . | . . . Time . | . . . Parts Recycled . | . . . Recycled Matter . | . . . Retrieved Matter 27 | . 27 . Retrieved Components . | . . . Parts Scanalyzed . | . . . Part Schematics Acquired . | . . . Parts Damaged . | . . . Bothacking | -11 -10 -9 ------------ Run | Yrd Mat Mat Used RIF Installer . | . . . Robots Hacked . | . . . Non-combat . | . . . Combat . | . . . Robot Hacks Applied . | . . . Relay Couplers Released . | . . . Fabnet Peak Effective % . | . . . Robots Rewired . | . . . Allies Hacked . | . . . Hacks Repelled . | . . . Allies | -11 -10 -9 -------- Run | Yrd Mat Mat Total Allies . | . . . Largest Group . | . . . Highest-Rated Group . | . . . Highest-Rated Ally . | . . . Total Orders . | . . . Ally Attacks . | . . . Total Damage . | . . . Kills . | . . . Allies Corrupted . | . . . Allies Melted . | . . . Intel | -11 -10 -9 ------- Run | Yrd Mat Mat Robot Analysis Total 3 | . 3 . Derelict Logs Recovered . | . . . Drone Launches . | . . . Drone Recoveries . | . . . Exploration | -11 -10 -9 ------------- Run | Yrd Mat Mat Turns Passed 1082 | 120 918 44 Spaces Moved 819 | 78 709 32 Core 20 | 19 1 . Treads . | . . . Legs 93 | . 93 . Wheels 165 | 59 106 . Hover 541 | . 509 32 Flight . | . . . Fastest Speed 50 | 50 56 120 Average Speed 77 | 102 72 120 Slowest Speed 150 | 150 120 120 Overloaded Moves . | . . . Propulsion Burnouts . | . . . Robots Hopped . | . . . Cave-ins Triggered . | . . . Exploration Rate (%) 32 | 5 83 8 Regions Visited 2 Branch Regions . Pre-discovered Areas . | . . . Known Exits Taken . | . . . Unknown Exits Taken 2 | 1 1 . Scrap Searched . | . . . Spaces Dug . | . . . Terrain Destroyed . | . . . Melee . | . . . Projectile . | . . . AOE . | . . . Terrain Rammed . | . . . Walls Destroyed . | . . . Machines Disabled . | . . . Actions | -11 -10 -9 --------- Run | Yrd Mat Mat Total 1150 | 103 1009 38 Wait 211 | 8 200 3 Move 817 | 77 708 32 Hop . | . . . Pick Up 10 | . 10 . Fast Attach 18 | 8 10 . Attach 2 | . . 2 Detach 4 | 1 2 1 Swap 5 | 1 4 . Drop 18 | 2 16 . Fire 65 | 6 59 . Melee . | . . . Ram . | . . . Kick . | . . . Crush . | . . . Escape Stasis . | . . . Rewire . | . . . Trap . | . . . Miscellaneous . | . . . Route ------- -11/Scrapyard -10/Materials (discovered 5 exits: [*Mat x3] / Min x2) -9/Materials History --------- Turn | Location | Event 20 | -11/Scrapyard | Discovered new exit (range 16) 121 | -11/Scrapyard | Entered Materials 199 | -10/Materials | Discovered new exit (range 9) 353 | -10/Materials | Discovered new exit (range 17) 509 | -10/Materials | Build established: Scavenger-Mutant 610 | -10/Materials | Identified exit to Mines 680 | -10/Materials | Discovered new exit (range 4) 903 | -10/Materials | Build established: Mutant 954 | -10/Materials | Core integrity fell below 50% 971 | -10/Materials | Core integrity fell below 20% 1039 | -10/Materials | Entered another Materials area 1039 | -9/Materials | Evolved 2 slots: Utility x2 1083 | -9/Materials | Self-destructed Last Messages --------------- 00962_ G-34 Mercenary destroyed. 00964_ Sensor Array broken. 00964_ Overheating: Short circuit. 00965_ Dropped Broken Sensor Array. 00966_ Overheating: Matter decay (-65). 00973_ Hover Unit destroyed. 00974_ R-06 Scavenger collects Broken Sensor Array. 00975_ System corrupted: FCS attempts to trigger Beam Cannon. 00975_ System corrupted: Beam Cannon misfires. 00984_ G-34 Mercenary suffers critical hit (Blast). 00984_ G-34 Mercenary destroyed. 00987_ Acquired 42 matter. 00988_ G-34 Mercenary destroyed. 00991_ Acquired 42 matter. 00992_ Acquired Heat Sink. 00997_ R-06 Scavenger collects Aluminum Leg. 01026_ System corrupted: Energy discharge (-31). PARAMETERS=UTILITY+2 LOCATION=UNKNOWN GOAL=ESCAPE Map ----- +----------------------------------------------------+ | | | | | | | | | | | | | ?????????????????????????????????????????????????? | | ?????????????????????????????????????????????????? | | ?????????????????????????????????????????????????? | | ?????????????????????????????????????????????????? | | ?????????????????????????????????????????????????? | | ?????????????????????????????????????????????????? | | ????????#####????????????????????????????????????? | | ????????# #????????????????????????????????????? | | ????????# ###########??????????????????????????? | | ????????# # #??????????????????????????? | | ###+##### # #??????????????????????????? | | # #??????????????????????????? | | + #??????????????????????????? | | # #??????????????????????????? | | ######## #????????????#?????????????? | | ???????# #?????????? #?????????????? | | ????????# #????????= #?????????????? | | ??????########+#########??=== s #?????????????? | | # ==s #?????????????? | | @/ s #?????????????? | | ? u """ # """ #?????????????? | | ?? ###+####### """ #??""" #?????????????? | | ???????????????# """ #????" !#?????????????? | | ???????????????# #?????? ??????????????? | | ???????????????# #??????????????????????? | | ???????????????# ?????????????????????? | | ???????????????# ????????????????????? | | ???????????????# ???????????????????? | | ???????????????#### ##########???????????????????? | | ??????????????????# #????????????????????????????? | | ??????????????????# #????????????????????????????? | | ??????????????????# #????????????????????????????? | | ??????????????????? #????????????????????????????? | | ??????????????????? ?????????????????????????????? | | ??????????????????? ?????????????????????????????? | | ??????????????????? ?????????????????????????????? | | ?????????????????????????????????????????????????? | | ?????????????????????????????????????????????????? | | ?????????????????????????????????????????????????? | | ?????????????????????????????????????????????????? | | ?????????????????????????????????????????????????? | | ?????????????????????????????????????????????????? | | ?????????????????????????????????????????????????? | | ?????????????????????????????????????????????????? | +----------------------------------------------------+ Best States ------------- Heat Dissipation 38 Energy Generation 10 Energy Capacity 250 Matter Stores 300 Matter Capacity 300 Sight Range 18 Robot Scan Range 14 Terrain Scan Range 16 Terrain Scan Density 10 Evasion (%) 55 Item Schematics ----------------- None Robot Schematics ------------------ None Fabricated ------------ Nothing Alien Tech Used ----------------- None Achievements -------------- Armchair Analyst Challenges ------------ None Game ------ Seed SchematicReactiveCore Manual? 0 Play Time 00:15:34 Cumulative 20.2 hours Start 2024.04.05 @ 12:36:28 End 2024.04.05 @ 12:52:11 Sessions 1 Manual Loads 0 Difficulty Rogue Special Mode None Game No. 21 Rogue 15 Adventurer 6 Explorer 0 Win Type - Total 0 Types 0/0/0/0/0/0/0/0/0 Lore% 16 Gallery% 27 Achievement% 19 Wizard Run 0 Options --------- Layout 0 ASCII 0 Keyboard 1 Movement Numpad Keybinds 0 Fullscreen 1 Font 18/SmallcapsGlow Map View 76x50 Zoom Use 0% Tactical HUD 1 Map Filters NONE Filters NONE Steam 1 RUN: c8517198-cf64-404e-853d-5d70e8a483f7